 Dungeon Crawl Stone Soup version 0.30-a0-52-g86a8295270 (webtiles) character file.

Game seed: 7819011912761966090

9 tatocazan the Trooper (level 2, 23/24 HPs)
             Began as a Demonspawn Fighter on Sept 7, 2022.
             Quit the game on level 1 of the Dungeon.
             The game lasted 00:00:28 (225 turns).

tatocazan the Trooper (Demonspawn Fighter)           Turns: 225, Time: 00:00:29

Health: 23/24      AC:  6    Str: 16    XL:     2   Next: 3%
Magic:  2/2        EV:  8    Int:  9    God:
Gold:   41         SH:  4    Dex: 12    Spells: 1/1 levels left

rFire   . . .      SeeInvis .    a - +0 war axe
rCold   . . .      Faith    .    c - +0 buckler
rNeg    . . .      Spirit   .    b - +0 scale mail
rPois   .          Reflect  .    (no helmet)
rElec   .          Harm     .    (no cloak)
rCorr   .          Rampage  .    (no gloves)
Will    .....                    (no boots)
Stlth   ..........               (no amulet)
HPRegen 0.08/turn                (no ring)
MPRegen 0.08/turn                (no ring)

@: no status effects
A: hooves 1
a: no special abilities


You were on level 1 of the Dungeon.
You visited 1 branch of the dungeon, and saw 1 of its levels.

You collected 41 gold pieces.

Inventory:

Hand Weapons
 a - a +0 war axe (weapon)
Armour
 b - a +0 scale mail (worn)
 c - a +0 buckler (worn)
Potions
 d - a potion of might
 e - a potion of curing {unknown}


   Skills:
 + Level 3.1 Fighting
 + Level 2.0 Axes
 + Level 2.8 Armour
 + Level 2.8 Shields


You had one spell level left.
You didn't know any spells.
Your spell library was empty.

Dungeon Overview and Level Annotations

Branches:
Dungeon (1/15)

Altars:


Innate Abilities, Weirdness & Mutations

You have large cloven feet.


Message History

No target in view!
No target in view!
No target in view!
You now have 27 gold pieces (gained 13).
There is a faded altar of an unknown god here.
You now have 41 gold pieces (gained 14).
You open the door.
There is an open door here.
You open the door.
There is an open door here.
Key pressed, stopping explore.
Found a stone staircase leading down.
As you open the door, it creaks loudly!
There is an open door here.
A quokka comes into view.
The quokka bites you but does no damage.
You barely miss the quokka. The quokka barely misses you.
You block the quokka's attack.
You miss the quokka.
The quokka bites you but does no damage.
You miss the quokka.
The quokka bites you but does no damage.
You block the quokka's attack.
You barely miss the quokka.
The quokka bites you but does no damage.
You block the quokka's attack.
You barely miss the quokka. The quokka barely misses you.
You closely miss the quokka. The quokka bites you.
The quokka bites you but does no damage.
You take 1 damage, and have 17/18 hp.
You slash the quokka!
You kill the quokka!
You have reached level 2!
Your demonic ancestry asserts itself...
Your feet thicken and deform.
You regained 6 hp, and now have 23/24 hp.
MP restored: 2 Unknown command.
Okay, then.
Are you sure you want to abandon this character and quit the game? (Confirm with "yes".)

######...... #......
# #...).. . #.###'#
#. #.# #.# #.# #.#
#.# #..# ########.#
#.# #..####........#
#.# #.@..#........#
#.# ####.'...._†..#
#.# #######.....>..#
#.# ...............#
#.# ...............#
#.#
...........#.#.###.#
#######.......†.....
#...#.#.#....#
#..........#.#


There were no monsters in sight!

Vanquished Creatures
  A ball python (D:1)
  A giant cockroach (D:1)
  A quokka (D:1)
  2 bats (D:1)
  A frilled lizard (D:1)
  3 kobolds (D:1)
9 creatures vanquished.

Notes
Turn   | Place    | Note
-------+----------+-------------------------------------------
     0 | D:1      | tatocazan the Demonspawn Fighter began the quest for the
                  | Orb.
     0 | D:1      | Reached XP level 1. HP: 18/18 MP: 1/1
   100 | D:1      | Found a faded altar of an unknown god.
   225 | D:1      | Gained mutation: You have large cloven feet. [demonic
                  | ancestry]
   225 | D:1      | Reached XP level 2. HP: 23/24 MP: 2/2
   225 | D:1      | Quit the game

Illustrated notes

Levels and vault maps discovered:
D:1:      mrwooster_arrival_statue_3, layout_basic, basic_ecumenical_altar,
          hangedman_abyss_or_decor_stabs, hex_tiny, minmay_fountain_box

Skill      XL: |  1 |
---------------+----+-----
Axes           | 2 |  2.0
Fighting       | |  3.1
Armour         | |  2.8
Shields        | |  2.8

Action                   || total
-------------------------++-------
Melee: War axe           ||    29
Armor: Scale mail        ||    23
Dodge: Dodged            ||    15
Block: Buckler           ||     9

Table legend: (Time is in decaauts)
 A = Elapsed time spent in this place.
 B = Non-inter-level travel time spent in this place.
 C = Inter-level travel time spent in this place.
 D = Time resting spent in this place.
 E = Time spent auto-exploring this place.
 F = Levels seen in this place.
 G = Mean time per level.
                   A        B        C        D        E       F      G
               +--------+--------+--------+--------+--------+-----+--------+
         Total |    238 |    238 |      0 |      0 |    159 |   1 |  238.0 |
       Dungeon |    238 |    238 |      0 |      0 |    159 |   1 |  238.0 |
               +--------+--------+--------+--------+--------+-----+--------+

Top non-repeatable levels by time:
     D:1: 238 daAuts
